 Dungeon Crawl Stone Soup version 0.23.2-1-ga50397a6bc (webtiles) character file.

Game seed: 15476256480916743763

2333 KleinerIrrer the Thaumaturge (level 9, -7/57 HPs)
             Began as a Mummy Necromancer on Apr 28, 2019.
             Was an Initiate of Kikubaaqudgha.
             Mangled by a killer bee (13 damage)
             ... on level 8 of the Dungeon.
             The game lasted 00:44:26 (9389 turns).

KleinerIrrer the Thaumaturge (Mummy Necromancer)    Turns: 9389, Time: 00:44:26

Health: -7/57      AC:  6    Str: 12    XL:     9   Next: 19%
Magic:  22/23      EV: 14    Int: 17    God:    Kikubaaqudgha [......]
Gold:   487        SH:  0    Dex: 12    Spells: 18/29 levels left

rFire    . . .     SeeInvis .   v - +1 flail (protect)
rCold    + + .     Gourm    .   (no shield)
rNeg     + + +     Faith    .   n - +2 robe {rC+ rF+}
rPois    ∞         Spirit   .   (no helmet)
rElec    .         Reflect  .   A - +1 cloak
rCorr    .         Harm     .   (no gloves)
MR       +....                  (no boots)
Stlth    +++.......             (no amulet)
HPRegen  0.19/turn              E - ring of stealth
MPRegen  0.18/turn              (no ring)

@: about to teleport
A: no food or potions, fire vulnerability, cold resistance 1, negative energy
resistance 3, torment resistance, unbreathing
a: Renounce Religion


You were on level 8 of the Dungeon.
You worshipped Kikubaaqudgha.
Kikubaaqudgha was noncommittal.
You were not hungry.

You visited 1 branch of the dungeon, and saw 8 of its levels.

You collected 487 gold pieces.

Inventory:

Hand Weapons
 h - a +0 rapier
 p - a +0 shortbow
 r - a +2 hunting sling of velocity
 v - a +1 flail of protection (weapon)
 z - a cursed +0 short sword
 C - a +0 dagger of electrocution
Missiles
 b - 116 arrows
 c - 6 curare-tipped needles
 e - 112 bolts
 f - 314 stones (quivered)
 j - 32 poisoned needles
 o - 6 tomahawks of returning
 s - 2 exploding tomahawks
 x - 61 sling bullets
Armour
 i - a +0 shield
 n - a +2 robe of resistance (worn)
 A - a +1 cloak (worn)
Magical Staves
 B - an uncursed staff of conjuration {unknown}
Jewellery
 E - a ring of stealth (left hand)
Wands
 d - a wand of iceblast (1)
 g - a wand of polymorph (3)
 y - a wand of enslavement (14)
 D - a wand of digging (4)
Scrolls
 a - a scroll of enchant armour
 l - 2 scrolls of immolation
 m - 3 scrolls of fog
 q - 3 scrolls of magic mapping
 t - a scroll of vulnerability {unknown}
 u - a scroll of remove curse {unknown}


   Skills:
 * Level 4.5 Dodging
 - Level 1.5 Stealth
 + Level 10.9 Spellcasting
 + Level 7.9 Necromancy


You had 18 spell levels left.
You knew the following spells:

 Your Spells              Type           Power        Failure   Level  Hunger
a - Pain                  Necr           ####         1%          1    N/A
b - Animate Skeleton      Necr           N/A          1%          1    N/A
c - Vampiric Draining     Necr           #####.....   1%          3    N/A
d - Animate Dead          Necr           N/A          3%          4    N/A
e - Shroud of Golubria    Chrm/Tloc      #.........   12%         2    N/A

Your spell library contained the following spells:

 Spells                   Type           Power        Failure   Level  Hunger
 Regeneration             Chrm/Necr      Unusable     N/A         3    N/A

Dungeon Overview and Level Annotations

Branches:
Dungeon (8/15)             Temple (0/1) D:7
   Lair: D:8-11

Altars:
Ashenzari
Kikubaaqudgha
Nemelex Xobeh
Sif Muna

Shops:
D:5 !   D:8 *

Annotations:
D:8 exclusion: 4 orange crystal statues


Innate Abilities, Weirdness & Mutations

You do not eat or drink.
Your flesh is vulnerable to fire.
You are immune to poison.
Your flesh is cold resistant. (rC+)
You are immune to negative energy. (rN+++)
You are immune to unholy pain and torment.
You can survive without breathing.


Message History

Your hound zombie misses the killer bee.
The killer bee stings you!
* * * LOW HITPOINT WARNING * * *
As you read the scroll of teleportation, it crumbles to dust.
You feel strangely unstable. The killer bee barely misses you.
A killer bee comes into view.
The killer bee stings you.
* * * LOW HITPOINT WARNING * * *
Your hound zombie bites the killer bee.
A killer bee comes into view.
The killer bee barely misses you.
The killer bee rages.
The killer bee misses you.
Your hound zombie bites the killer bee but does no damage.
The killer bee barely misses you.
You hear an angry buzzing noise. x3; You hear a shout!
Found Diryp's Demolitions Depot.
The killer bee stings you!
You die...
Kikubaaqudgha rasps: "You have failed me!
Welcome... oblivion!"

..................
..................
..................
..................
####.....#Z....##.
#.....#Z###.#
#.....#Z# ...
......#y#######...
.......yZy@.....#
####.y.y..........
#.#......#.#.○.
#.##.......... °
#.# ##.#.##....#
#.# #...# ......
.# #.... ...#.#
#.........


You could see a queen bee, 4 killer bees and a friendly hound zombie.

Vanquished Creatures
  Grinder (D:3)
  Edmund (D:5)
  An orc warrior (D:8)
  2 ice beasts (D:5)
  A necrophage (D:8)
  An ogre (D:4)
  2 centaurs
  3 bullfrogs
  3 scorpions
  4 killer bees (D:7)
  A howler monkey (D:5)
  4 crimson imps
  A bullfrog zombie (D:6)
  3 hounds
  2 orc priests
  A bullfrog skeleton (D:4)
  Jessica (D:3)
  6 orc wizards
  A worker ant (D:7)
  A killer bee zombie (D:7)
  6 adders
  3 gnolls (D:6)
  A shadow imp (D:5)
  2 oozes
  A leopard gecko (D:3)
  13 orcs
  A bat zombie (D:7)
  6 giant cockroaches
  7 goblins
  7 hobgoblins
  5 jackals
  6 kobolds
  5 quokkas
  2 ball pythons
  12 bats
  6 frilled lizards
  A giant cockroach zombie (D:6)
  4 rats
  A rat zombie (D:7)
129 creatures vanquished.

Vanquished Creatures (collateral kills)
  A centaur (D:6)
  A hound (D:8)
  An iguana (D:8)
  A worker ant (D:7)
  A gnoll (D:6)
  3 adders (D:2)
  A dart slug (D:2)
  A bat (D:2)
  A bat zombie (D:7)
  A giant cockroach (D:2)
  3 goblins
  A hobgoblin (D:2)
  A jackal (D:2)
  2 kobolds (D:2)
  A ball python (D:3)
  2 rats
22 creatures vanquished.

Grand Total: 151 creatures vanquished

Notes
Turn   | Place    | Note
-------+----------+-------------------------------------------
     0 | D:1      | KleinerIrrer the Mummy Necromancer began the quest for the
                  | Orb.
     0 | D:1      | Reached XP level 1. HP: 13/13 MP: 4/4
     2 | D:1      | Learned a level 1 spell: Animate Skeleton
   760 | D:1      | Reached XP level 2. HP: 19/19 MP: 3/5
   764 | D:1      | Reached skill level 3 in Spellcasting
  1455 | D:2      | Found a faded altar of an unknown god.
  1569 | D:2      | Reached XP level 3. HP: 20/24 MP: 2/8
  1684 | D:2      | Found a deep blue altar of Sif Muna.
  1950 | D:2      | Reached skill level 4 in Spellcasting
  1978 | D:2      | Learned a level 3 spell: Vampiric Draining
  2028 | D:2      | Reached XP level 4. HP: 22/30 MP: 0/10
  2466 | D:3      | Reached skill level 5 in Necromancy
  2557 | D:3      | Noticed Jessica
  2583 | D:3      | Killed Jessica
  2603 | D:3      | Identified Jessica's Tome of Orientation
  2676 | D:3      | Learned a level 4 spell: Animate Dead
  2830 | D:3      | Reached XP level 5. HP: 35/35 MP: 7/12
  2897 | D:3      | Noticed Grinder
  3137 | D:4      | Noticed an ogre
  3446 | D:4      | Reached skill level 5 in Spellcasting
  4144 | D:5      | Entered Level 5 of the Dungeon
  4173 | D:5      | Reached XP level 6. HP: 41/41 MP: 1/14
  4321 | D:5      | Reached skill level 6 in Spellcasting
  4375 | D:5      | Noticed an ice beast
  4383 | D:5      | Found Usuvirug's Distillery.
  4566 | D:5      | Noticed Edmund
  4589 | D:5      | Killed Edmund
  4777 | D:5      | Reached XP level 7. HP: 46/46 MP: 14/17
  5141 | D:4      | Reached skill level 7 in Spellcasting
  5646 | D:3      | Killed Grinder
  5646 | D:3      | Reached skill level 8 in Spellcasting
  5830 | D:6      | Learned a level 2 spell: Shroud of Golubria
  5902 | D:5      | Reached skill level 9 in Spellcasting
  5976 | D:5      | Reached XP level 8. HP: 45/52 MP: 21/21
  7939 | D:7      | Reached skill level 10 in Spellcasting
  8248 | D:7      | Found a shattered altar of Ashenzari.
  8249 | D:7      | Noticed a hippogriff
  8281 | D:7      | Found a sparkling altar of Nemelex Xobeh.
  8580 | D:7      | Found an ancient bone altar of Kikubaaqudgha.
  8590 | D:7      | Became a worshipper of Kikubaaqudgha
  8677 | D:7      | Found a staircase to the Ecumenical Temple.
  8758 | D:8      | Found the +10 large shield of Ignorance {rN+ Int-4}
  8791 | D:8      | Found a runed translucent door.
  8838 | D:8      | Reached XP level 9. HP: 57/57 MP: 5/23
  9344 | D:8      | Noticed an orange crystal statue
  9344 | D:8      | Noticed an orange crystal statue
  9344 | D:8      | Noticed an orange crystal statue
  9344 | D:8      | Noticed an orange crystal statue
  9380 | D:8      | Noticed a queen bee
  9388 | D:8      | Found Diryp's Demolitions Depot.
  9389 | D:8      | Mangled by a killer bee

Skill      XL: |  1  2  3  4  5  6  7  8 |
---------------+-------------------------+-----
Spellcasting   | 3 4 5 6 9 10 | 10.9
Necromancy     | 5 6 7 |  7.9
Dodging        | 2 4 |  4.5
Stealth        | |  1.5

Action                   |  1- 3 |  4- 6 |  7- 9 || total
-------------------------+-------+-------+-------++-------
Melee: Dagger            |    58 |    25 |       ||    83
       Club              |     6 |       |       ||     6
       Quarterstaff      |       |    15 |       ||    15
       Flail             |       |     5 |   368 ||   373
       Rapier            |       |     4 |       ||     4
 Fire: Shortbow          |       |     1 |       ||     1
Throw: Stone             |     2 |       |       ||     2
 Cast: Pain              |    39 |    71 |   129 ||   239
       Animate Skeleton  |    24 |    11 |    11 ||    46
       Vampiric Draining |     2 |     4 |    11 ||    17
       Animate Dead      |       |       |    10 ||    10
Evoke: Wand              |       |     2 |     4 ||     6
  Use: Scroll            |       |    10 |     6 ||    16
 Stab: Sleeping          |     5 |     1 |     1 ||     7
Armor: Robe              |    13 |    32 |   186 ||   231
Dodge: Dodged            |    50 |    59 |   373 ||   482
